Map: Acolyte LE

Players

SamuraiFunn - Winner!

  • Race: Protoss Protoss
  • Spawn Location: 1:00

A.I. 1 (Very Hard)

  • Race: Protoss Protoss
  • Spawn Location: 7:00

VOD

Have the link to the VOD?

Description

Time

  • Played on: Nov. 9, 2017, 10:41 p.m.
  • Length: 14:35
Show
View Real Time Build Order
Export as new Build Order

SamuraiFunn Protoss - Winner!

Build Orders:  

Get SALT Encoding   

  12  0:01  Probe (Chrono Boost)  
  13  0:12  Probe (Chrono Boost)  
  14  0:19  Pylon  
  14  0:22  Probe (Chrono Boost)  
  15  0:35  Assimilator  
  15  0:38  Probe (Chrono Boost)  
  16  0:43  Gateway  
  16  0:48  Probe (Chrono Boost), Assimilator  
  17  0:59  Probe (Chrono Boost)  
  18  1:10  Probe (Chrono Boost)  
  19  1:16  Pylon  
  19  1:23  Probe (Chrono Boost)  
  20  1:34  Probe (Chrono Boost)  
  21  1:41  Zealot  
  23  1:49  Cybernetics Core  
  24  1:54  Probe (Chrono Boost)  
  24  1:55  Assimilator  
  24  2:07  Probe (Chrono Boost), Nexus  
  25  2:17  Zealot  
  27  2:23  Gateway, Warp Gate (Chrono Boost)  
  27  2:36  Twilight Council  
  27  2:38  Probe (Chrono Boost)  
  28  2:48  Probe (Chrono Boost)  
  28  2:50  Zealot  
  31  3:04  Pylon  
  31  3:14  Pylon  
  31  3:18  Pylon  
  31  3:19  Probe x2 (Chrono Boost)  
  33  3:29  Zealot (Chrono Boost)  
  33  3:30  Zealot (Chrono Boost)  
  37  3:46  Charge (Chrono Boost)  
  37  3:52  Probe  
  37  3:53  Probe  
  39  3:57  Zealot  
  39  3:59  Zealot  
  43  4:08  Probe  
  43  4:09  Assimilator  
  43  4:10  Probe  
  43  4:13  Assimilator  
  45  4:38  Robotics Facility, Probe  
  45  4:39  Robotics Facility  
  45  4:40  Probe  
  45  4:41  Robotics Facility  
  47  4:52  Probe  
  47  4:54  Probe  
  49  5:08  Zealot x2  
  53  5:23  Forge  
  53  5:28  Pylon  
  53  5:30  Immortal  
  53  5:31  Immortal x2  
  65  5:44  Probe  
  65  5:46  Probe  
  65  5:48  Zealot  
  65  5:49  Zealot  
  71  5:55  Pylon  
  71  5:57  Pylon  
  71  6:11  Pylon, Zealot x2  
  71  6:15  Pylon  
  75  6:19  Immortal  
  75  6:20  Probe  
  75  6:22  Probe  
  81  6:46  Probe  
  81  6:47  Nexus  
  81  6:48  Probe  
  81  6:50  Zealot x2  
  87  6:55  Immortal  
  91  7:02  Gateway  
  91  7:10  Pylon  
  91  7:18  Pylon  
  91  7:19  Probe  
  91  7:21  Probe  
  93  7:30  Probe  
  93  7:33  Probe, Zealot x2  
  99  7:38  Protoss Ground Weapons Level 1 (Chrono Boost)  
  99  7:42  Immortal  
  103  7:53  Immortal  
  89  8:28  Immortal x2  
  89  8:32  Immortal  
  95  9:08  Warp Prism x2  
  99  9:11  Warp Prism  
  101  9:21  Zealot x2  
  101  9:22  Zealot  
  107  9:35  Gateway  
  107  9:37  Gateway  
  107  9:39  Gateway  
  107  9:47  Pylon  
  107  9:49  Gateway  
  107  9:53  Observer  
  107  9:54  Observer  
  107  9:55  Immortal  
  113  10:08  Robotics Facility  
  113  10:14  Probe x2  
  113  10:16  Probe  
  116  10:30  Zealot x3  
  122  10:37  Immortal x3  
  134  10:53  Protoss Ground Weapons Level 2 (Chrono Boost)  
  134  11:17  Templar Archives  
  134  11:20  Immortal x3  
  128  12:23  Zealot  
  128  12:24  Zealot x2  
  128  12:25  Zealot x3  
  132  12:52  Protoss Ground Armor Level 1 (Chrono Boost)  
  132  13:07  Zealot x2  
  132  13:08  Zealot x4  
  132  13:10  Zealot  
  146  13:19  Immortal  
  148  13:21  Immortal  
  148  13:26  Immortal  
  146  13:28  Immortal  
  142  13:34  Stalker x2  
  142  13:35  Stalker  
  147  13:51  Stalker  
Show
View Real Time Build Order
Export as new Build Order

A.I. 1 (Very Hard) Protoss 

Build Orders: Zealot Archon 

Get SALT Encoding   

  12  0:01  Probe (Chrono Boost)  
  13  0:11  Probe (Chrono Boost)  
  14  0:20  Pylon  
  14  0:22  Probe (Chrono Boost)  
  15  0:38  Probe (Chrono Boost)  
  16  0:47  Assimilator  
  16  0:49  Probe (Chrono Boost)  
  17  0:50  Gateway  
  17  0:59  Probe (Chrono Boost)  
  17  1:00  Pylon  
  18  1:10  Probe (Chrono Boost)  
  19  1:20  Probe (Chrono Boost)  
  20  1:31  Probe (Chrono Boost)  
  21  1:38  Zealot  
  21  1:39  Gateway  
  23  1:42  Probe (Chrono Boost)  
  23  1:43  Cybernetics Core  
  24  1:53  Probe (Chrono Boost), Pylon  
  25  2:03  Zealot  
  25  2:05  Probe (Chrono Boost)  
  28  2:14  Warp Gate  
  28  2:17  Probe (Chrono Boost)  
  29  2:25  Adept  
  29  2:28  Adept  
  31  2:32  Gateway  
  33  2:41  Gateway  
  33  2:51  Adept  
  33  2:54  Adept  
  33  2:58  Pylon  
  37  3:00  Probe (Chrono Boost)  
  38  3:17  Adept  
  38  3:18  Adept  
  42  3:20  Adept  
  42  3:26  Adept  
  44  3:28  Pylon  
  46  3:39  Robotics Facility  
  46  4:00  Twilight Council  
  46  4:12  Pylon  
  46  4:28  Assimilator  
  46  4:48  Zealot  
  48  5:04  Templar Archives  
  48  5:05  Nexus  
  48  5:42  High Templar  
  50  5:52  Forge  
  50  5:59  High Templar  
  50  6:01  Forge  
  52  6:08  Stalker  
  54  6:18  Probe x2 (Chrono Boost), Archon, Stalker  
  58  6:28  Assimilator  
  58  6:30  Probe x2 (Chrono Boost), Pylon  
  58  6:32  Assimilator  
  60  6:41  Probe x2 (Chrono Boost)  
  60  6:46  High Templar  
  64  6:52  Probe (Chrono Boost)  
  64  6:53  Probe (Chrono Boost)  
  66  7:02  Photon Cannon  
  66  7:03  Probe (Chrono Boost)  
  66  7:04  Probe (Chrono Boost)  
  66  7:06  High Templar  
  70  7:10  Stalker  
  70  7:13  Pylon  
  70  7:15  Probe x2 (Chrono Boost), Stalker  
  76  7:23  Sentry  
  76  7:27  Probe (Chrono Boost)  
  76  7:28  Probe (Chrono Boost)  
  80  7:30  Observer  
  80  7:35  Stalker  
  83  7:38  Probe (Chrono Boost)  
  83  7:39  Probe (Chrono Boost)  
  83  7:40  Stalker  
  87  7:44  Stalker  
  87  7:45  Pylon  
  87  7:49  Probe (Chrono Boost)  
  87  7:50  Stalker  
  87  7:51  Probe (Chrono Boost)  
  93  8:01  Probe (Chrono Boost)  
  93  8:03  Sentry, Zealot  
  93  8:04  Pylon  
  92  8:06  Zealot  
  92  8:11  Nexus  
  92  8:12  Stalker  
  88  8:22  Zealot  
  88  8:24  Zealot  
  88  8:25  Stalker  
  94  8:33  High Templar  
  78  8:35  Pylon  
  78  8:40  Stalker  
  80  8:43  Zealot  
  80  8:46  Zealot  
  64  9:01  Adept  
  66  9:02  High Templar  
  66  9:03  Adept  
  66  9:05  Sentry  
  72  9:16  Immortal  
  71  9:19  Archon  
  71  9:21  Zealot  
  71  9:22  Zealot  
  79  9:25  Probe (Chrono Boost)  
  79  9:26  Zealot  
  79  9:28  Probe (Chrono Boost)  
  83  9:32  High Templar, Probe (Chrono Boost), Assimilator  
  83  9:37  Probe (Chrono Boost)  
  88  9:39  Probe (Chrono Boost)  
  88  9:40  High Templar  
  88  9:41  Stalker  
  88  9:43  Assimilator  
  88  9:44  Probe (Chrono Boost)  
  88  9:45  Zealot  
  95  9:49  Probe (Chrono Boost)  
  95  9:50  Probe (Chrono Boost)  
  95  9:51  Archon  
  97  9:55  Probe (Chrono Boost)  
  99  10:00  Probe (Chrono Boost)  
  99  10:02  Probe (Chrono Boost), High Templar  
  99  10:04  High Templar, Zealot  
  107  10:07  Probe (Chrono Boost)  
  107  10:10  Zealot  
  107  10:12  Probe (Chrono Boost)  
  109  10:15  Probe (Chrono Boost)  
  109  10:17  Pylon  
  109  10:18  Archon  
  109  10:19  Probe (Chrono Boost)  
  111  10:22  Zealot  
  111  10:23  Probe (Chrono Boost)  
  111  10:26  Probe (Chrono Boost)  
  115  10:29  Zealot  
  115  10:30  Probe (Chrono Boost)  
  115  10:32  Zealot  
  115  10:34  Sentry  
  115  10:35  Probe (Chrono Boost)  
  123  10:38  Probe (Chrono Boost)  
  123  10:42  High Templar  
  126  10:43  Pylon  
  126  10:46  Probe (Chrono Boost)  
  126  10:47  Probe (Chrono Boost)  
  126  10:48  Zealot  
  126  10:49  Probe (Chrono Boost)  
  131  10:50  Immortal  
  131  10:51  High Templar  
  131  10:56  Stalker  
  140  10:57  Probe (Chrono Boost)  
  140  11:02  Probe (Chrono Boost)  
  141  11:06  Pylon, Archon, Stalker  
  143  11:12  Protoss Ground Weapons Level 1, Zealot  
  143  11:16  Protoss Ground Armor Level 1  
  143  11:18  Zealot  
  147  11:22  Zealot  
  149  11:27  Adept  
  149  11:28  Pylon  
  149  11:29  Photon Cannon  
  149  11:31  Zealot  
  153  11:36  Photon Cannon  
  153  11:37  Zealot  
  153  11:38  Pylon  
  155  11:44  Robotics Facility  
  155  11:51  Robotics Bay  
  155  11:54  Immortal  
  155  11:56  Adept  
  156  12:01  Archon  
  156  12:02  Probe (Chrono Boost)  
  156  12:03  Probe (Chrono Boost)  
  156  12:05  Probe (Chrono Boost)  
  156  12:06  Pylon  
  141  12:13  Probe (Chrono Boost)  
  141  12:14  Probe (Chrono Boost)  
  143  12:17  Probe (Chrono Boost)  
  143  12:20  Zealot  
  143  12:21  Zealot x2  
  136  12:24  Probe (Chrono Boost)  
  136  12:25  Probe (Chrono Boost)  
  136  12:28  Probe (Chrono Boost)  
  121  12:30  Observer  
  121  12:31  Stalker  
  121  12:32  Observer  
  121  12:36  Probe (Chrono Boost)  
  105  12:40  Probe (Chrono Boost), Stalker  
  105  12:41  Stalker  
  102  12:48  Colossus  
  100  12:52  Disruptor  
  109  13:01  Probe (Chrono Boost)  
  109  13:04  Probe (Chrono Boost)  
  111  13:10  Stalker  
  114  13:12  Probe (Chrono Boost)  
  114  13:15  Probe (Chrono Boost)  
  113  13:20  Stalker  
  113  13:23  Probe (Chrono Boost)  
  107  13:27  Probe (Chrono Boost)  
  107  13:29  Stalker  
  86  13:35  Probe (Chrono Boost), Adept  
  82  13:41  Stalker  
  82  13:43  Sentry  
  85  13:55  Zealot  
  67  14:01  Pylon, Adept  
  55  14:14  Zealot  
Tags
 
Composition
Zealot Archon
Matchup
PvP
Replay Pack
First 100 games
Spawn Locations
Cross Positions
Add a new tag
Caveats
  • Supply blocks, unpowered buildings, or Contaminate may cause inaccurate times.
  • Supply counts are checked every 10 seconds.